 Dungeon Crawl Stone Soup version 0.31-a0-640-g39d97e502b (webtiles) character file.

Game seed: 15302128907829676302

47 qw the Shooter (level 3, 0/22 HPs)
             Began as a Gargoyle Hunter on Aug 27, 2023.
             Frozen to death by an endoplasm (1 damage)
             ... on level 2 of the Dungeon.
             The game lasted 00:00:24 (940 turns).

qw the Shooter (Gargoyle Hunter)                     Turns: 940, Time: 00:00:24

Health: 0/22       AC:  6    Str: 14    XL:     3   Next: 70%
Magic:  3/3        EV: 11    Int:  9    God:
Gold:   96         SH:  0    Dex: 15    Spells: 2/2 levels left

rFire   . . .        Y - +0 shortbow
rCold   . . .        (shield currently unavailable)
rNeg    + . .        c - +0 leather armour
rPois   inf          (no helmet)
rElec   +            (no cloak)
rCorr   .            (no gloves)
SInv    .            (no boots)
Will    .....        (no amulet)
Stlth   ++           (no ring)
HPRegen 0.23/turn    (no ring)
MPRegen 0.08/turn

%: no passive effects
@: no status effects
A: sickness immunity, AC +3, negative energy resistance 1, electricity
resistance, torment resistance 1, petrification resistance
a: no special abilities


You were on level 2 of the Dungeon.
You visited 1 branch of the dungeon, and saw 2 of its levels.

You collected 96 gold pieces.


Innate Abilities, Weirdness & Mutations

You are immune to sickness and miasma.
Your stone body is resilient. (AC +3)
You are immune to poison.
You resist negative energy. (rN+)
You are resistant to electric shocks. (rElec)
You are resistant to unholy torment.
You are immune to petrification.


   Skills:
 + Level 2.9 Fighting
 - Level 5.0 Ranged Weapons
 - Level 1.5 Dodging
 - Level 1.1 Stealth


You had 2 spell levels left.
You didn't know any spells.
Your spell library was empty.

Inventory:

Hand Weapons
 Y - a +0 shortbow (weapon)
Armour
 c - a +0 leather armour (worn)
Potions
 d - a potion of heal wounds {unknown}
 e - a potion of magic {unknown}
 g - a potion of curing {unknown}
 j - a potion of degeneration {unknown}

Dungeon Overview and Level Annotations

Branches:
Dungeon (2/15)

Altars:


Message History

The endoplasm freezes you.
You are frozen.
The adder closely misses you.
The endoplasm hits you but does no damage.
The endoplasm barely misses you.
You shoot an arrow. The arrow hits the adder.
The adder is moderately wounded.
The adder bites you. The adder closely misses you.
The endoplasm barely misses you. The endoplasm closely misses you.
You shoot an arrow. The arrow hits the adder.
The adder is almost dead.
The adder bites you but does no damage. The endoplasm misses you.
The endoplasm barely misses you.
You shoot an arrow. The arrow misses the adder.
The adder bites you but does no damage. The endoplasm freezes you.
You are frozen.
The endoplasm hits you but does no damage.
The adder closely misses you.
You shoot an arrow. The arrow closely misses the adder.
The adder misses you. The endoplasm barely misses you.
The endoplasm hits you but does no damage.
The adder barely misses you.
You shoot an arrow. The arrow closely misses the adder.
The endoplasm hits you but does no damage.
The endoplasm closely misses you. The adder bites you but does no damage.
You shoot an arrow. The arrow closely misses the adder.
The endoplasm closely misses you. The adder completely misses you.
The endoplasm freezes you.
You are frozen.
The endoplasm freezes you.
You are frozen.
The endoplasm closely misses you. The adder bites you but does no damage.
You shoot an arrow. The arrow barely misses the adder.
The adder misses you. The endoplasm barely misses you. The endoplasm hits you.
You shoot an arrow. The arrow hits the adder.
You kill the adder!
The endoplasm closely misses you. The endoplasm freezes you.
You are frozen.
You die...

........
....... [
#..... .. #....
... #...#.... #
#........
###.#.#........
.......@....#
.......JJ...#
#.#.#.....#....
#>|..........
#.....#.... .
.......#..###
..........#.
....#....#.#.


You could see 2 endoplasms.

Vanquished Creatures
  2 adders
  A worm (D:1)
  A dart slug (D:1)
  3 bats (D:1)
  5 endoplasms (D:1)
  A giant cockroach (D:1)
  3 goblins (D:1)
  2 hobgoblins (D:1)
  2 kobolds (D:1)
  3 quokkas (D:1)
  3 ball pythons (D:1)
  2 frilled lizards (D:1)
  2 rats (D:1)
30 creatures vanquished.

Notes
Turn   | Place    | Note
-------+----------+-------------------------------------------
     0 | D:1      | qw the Gargoyle Hunter began the quest for the Orb.
     0 | D:1      | Reached XP level 1. HP: 12/12 MP: 1/1
     0 | D:1      | 0 ||| qw: Version: 0.3-a-74-g0d5e918
     0 | D:1      | 0 ||| qw: Game counter: 135
     0 | D:1      | 0 ||| qw: Melee chars always use a shield: true
     0 | D:1      | 0 ||| qw: God list: Okawaru
     0 | D:1      | 0 ||| qw: Allow faded altars: false
     0 | D:1      | 0 ||| qw: Do Orc after clearing Dungeon:15 true
     0 | D:1      | 0 ||| qw: Do second Lair branch before Depths: true
     0 | D:1      | 0 ||| qw: Lair rune preference: random
     0 | D:1      | 0 ||| qw: Goals: Normal
     0 | D:1      | 0 ||| PLANNING D:1-11
    96 | D:1      | Reached XP level 2. HP: 17/17 MP: 2/2
   382 | D:1      | Reached XP level 3. HP: 18/21 MP: 3/3
   424 | D:1      | Reached skill level 5 in Ranged Weapons
   797 | D:1      | 797 ||| READING scroll labelled NIRYOQ VAYZAS.
   798 | D:1      | 798 ||| READING scroll labelled YZES CORHINGYNK.
   799 | D:1      | 799 ||| DRINKING 2 clear potions.
   847 | D:1      | 847 ||| DROPPING scroll of butterflies.
   848 | D:1      | 848 ||| DROPPING potion of lignification.
   870 | D:2      | 870 ||| STAIRDANCE
   881 | D:2      | 881 ||| STAIRDANCE
   935 | D:2      | HP: 5/22 [frozen (4)]
   938 | D:2      | HP: 2/22 [frozen (3)]
   940 | D:2      | Frozen to death by an endoplasm

Levels and vault maps discovered:
D:1:      lemuel_arrival_hallway, layout_basic
D:2:      wad_river_or_something, layout_basic, minmay_circle_x

Skill      XL: |  1  2  3 |
---------------+----------+-----
Ranged Weapons | 5 |  5.0
Fighting       | |  2.9
Dodging        | |  1.5
Stealth        | |  1.1

Action                     || total
---------------------------++-------
   Fire: Shortbow          ||   101
    Use: Scroll            ||     2
         Potion            ||     1
 Armour: Leather armour    ||    25
  Dodge: Dodged            ||    42

Table legend:
 A = Non-vault XP
 B = Vault XP
 C = Vault XP percentage of total XP
 D = Non-vault monster count
 E = Vault monster count
 F = Vault count percentage of total count
                 A         B        C        D         E       F
            +---------+---------+-------+---------+---------+-------
      Total |      68 |      13 |  16.0 |      29 |       1 |   3.3
            +---------+---------+-------+---------+---------+-------
        D:1 |      68 |       0 |   0.0 |      29 |       0 |   0.0
        D:2 |       0 |      13 | 100.0 |       0 |       1 | 100.0
            +---------+---------+-------+---------+---------+-------
